 Dungeon Crawl Stone Soup version 0.19.5 (webtiles) character file.

128 LORDOFBUTT the Shield-Bearer (level 5, -8/41 HPs)
             Began as a Formicid Fighter on Mar 21, 2017.
             Mangled by an ogre
             ... wielding a +0 giant club
              (27 damage)
             ... on level 4 of the Dungeon.
             The game lasted 00:02:17 (2238 turns).

LORDOFBUTT the Shield-Bearer (Formicid Fighter)     Turns: 2238, Time: 00:02:18

Health: -8/41      AC:  6    Str: 20    XL:     5   Next: 34%
Magic:  5/5        EV:  8    Int:  8    God:
Gold:   173        SH: 10    Dex: 11    Spells: 0 memorised, 4 levels left

rFire  . . .     SeeInvis +     a - +0 war axe
rCold  . . .     Gourm    .     b - +0 scale mail
rNeg   . . .     Faith    .     c - +0 shield
rPois  +         Spirit   .     (helmet unavailable)
rElec  .         Reflect  .     (no cloak)
rCorr  .         Harm     .     (no gloves)
MR     .....                    (no boots)
Stlth  ..........               (no amulet)
                                (no ring)
                                e - ring of poison resistance

@: no status effects
A: permanent stasis, dig shafts and tunnels, four strong arms, antennae 3
a: Dig, Shaft Self


You were on level 4 of the Dungeon.
You were not hungry.

You visited 1 branch of the dungeon, and saw 4 of its levels.

You collected 173 gold pieces.

Inventory:

Hand Weapons
 a - a +0 war axe (weapon)
Armour
 b - a +0 scale mail (worn)
 c - a +0 shield (worn)
Jewellery
 e - a ring of poison resistance (left hand)
Scrolls
 g - a scroll of teleportation {unknown}
 l - 3 scrolls of remove curse
 m - 3 scrolls of identify {unknown}
 p - a scroll of blinking {unknown}
 s - a scroll of fog {unknown}
 u - a scroll of enchant armour {unknown}
 w - a scroll of noise {unknown}
 x - a scroll of amnesia {unknown}
Potions
 d - a potion of might
 h - 3 potions of curing {unknown}
 i - 2 potions of agility {unknown}
 r - 2 potions of lignification {unknown}
 t - a potion of heal wounds {unknown}
Comestibles
 f - 5 bread rations
 j - a beef jerky
 k - 2 slices of pizza
 n - 2 meat rations
 o - 5 chunks of flesh
 q - a royal jelly


   Skills:
 - Level 3.2 Fighting
 - Level 2.0 Axes
 - Level 3.2 Armour
 + Level 6.8 Shields


You had 4 spell levels left.
You didn't know any spells.

Dungeon Overview and Level Annotations

Branches:
Dungeon (4/15)
 Temple: D:4-7

Altars:


Innate Abilities, Weirdness & Mutations

You are under a permanent stasis effect.
You can dig through walls and to a lower floor.
Your four strong arms can wield two-handed weapons with a shield.
You have a pair of large antennae on your head. (SInv)


Message History

The ogre is lightly wounded.
You block the ogre's attack.
You slash the ogre!
The ogre is heavily wounded.
The ogre hits you with a giant club!
You hit the ogre but do no damage.
The ogre is heavily wounded.
You block the ogre's attack.
You hit the ogre.
The ogre is severely wounded.
The ogre hits you with a giant club!
You completely miss the ogre.
The ogre is severely wounded.
You block the ogre's attack.
Some of the chunks of flesh in your inventory have rotted away.
You hit the ogre.
The ogre is severely wounded.
The ogre hits you with a giant club!!
Ouch! That really hurt!
You die...

.... .# ... .#
#.$ .# .. .#
#.#.# #.w.
#.O#######
#.@.$.....
##.####### #.#
##.########
#..........
#######..########
.......†.#
######.## #.#


You could see an ogre and a worm.

Vanquished Creatures
  5 adders
  An ooze (D:3)
  2 worms (D:2)
  2 dart slugs
  5 leopard geckos
  An orc (D:3)
  9 bats
  3 giant cockroaches
  9 goblins
  9 hobgoblins
  A jackal (D:1)
  A ball python (D:3)
  2 frilled lizards (D:2)
  6 kobolds
  8 rats
64 creatures vanquished.

Notes
Turn   | Place    | Note
-------+----------+-------------------------------------------
     0 | D:1      | LORDOFBUTT the Formicid Fighter began the quest for the Orb.
     0 | D:1      | Reached XP level 1. HP: 18/18 MP: 1/1
    52 | D:1      | Reached skill level 4 in Shields
   105 | D:1      | Reached XP level 2. HP: 23/24 MP: 2/2
   229 | D:1      | Reached XP level 3. HP: 24/29 MP: 3/3
   372 | D:1      | Reached skill level 5 in Shields
  1137 | D:2      | Reached XP level 4. HP: 29/35 MP: 4/4
  1714 | D:3      | Reached skill level 6 in Shields
  2130 | D:3      | Reached XP level 5. HP: 35/41 MP: 5/5
  2229 | D:4      | Noticed an ogre
  2238 | D:4      | Mangled by an ogre

Skill      XL: |  1  2  3  4 |
---------------+-------------+-----
Shields        | 4 5 6 |  6.8
Fighting       | |  3.2
Axes           | |  2.0
Armour         | |  3.2

Action                   |  1- 3 |  4- 6 || total
-------------------------+-------+-------++-------
Melee: War axe           |   142 |    75 ||   217
  Use: Scroll            |       |     2 ||     2
  Eat: Chunk             |     1 |     4 ||     5
Armor: Scale mail        |    69 |    30 ||    99
Dodge: Dodged            |    47 |    29 ||    76
Block: Shield            |    70 |    63 ||   133
